 Dungeon Crawl Stone Soup version 0.30.0-20-g3b4254fcbd (webtiles) character file.

Game seed: 4701893396473643587

9 Sabo the Ducker (level 2, 22/22 HPs)
             Began as a Demonspawn Gladiator on June 2, 2023.
             Got out of the dungeon alive.
             The game lasted 00:01:16 (307 turns).

Sabo the Ducker (Demonspawn Gladiator)               Turns: 307, Time: 00:01:16

Health: 22/22      AC:  4    Str: 14    XL:     2   Next: 3%
Magic:  2/2        EV: 12    Int:  9    God:
Gold:   15         SH:  0    Dex: 14    Spells: 1/1 levels left

rFire   . . .        a - +0 war axe
rCold   . . .        (no shield)
rNeg    . . .        b - +0 leather armour
rPois   .            c - +0 helmet
rElec   .            (no cloak)
rCorr   .            (no gloves)
SInv    .            (no boots)
Will    .....        (no amulet)
Stlth   +            (no ring)
HPRegen 0.23/turn    (no ring)
MPRegen 0.08/turn

%: no passive effects
@: no status effects
A: demonic magic 1
a: no special abilities


You escaped.
You visited 1 branch of the dungeon, and saw 1 of its levels.

You collected 15 gold pieces.

Inventory:

Hand Weapons
 a - a +0 war axe (weapon)
Missiles
 d - 3 throwing nets (quivered)
 e - a javelin
Armour
 b - a +0 leather armour (worn)
 c - a +0 helmet (worn)
Scrolls
 f - a scroll of identify {unknown}
 h - a scroll of enchant weapon {unknown}
 i - a scroll of fear {unknown}
Potions
 g - a potion of flight {unknown}


   Skills:
 + Level 2.0 Fighting
 + Level 2.8 Axes
 + Level 2.0 Throwing
 + Level 2.9 Dodging


You had one spell level left.
You didn't know any spells.
Your spell library was empty.

Dungeon Overview and Level Annotations

Branches:
Dungeon (1/15)

Altars:


Innate Abilities, Weirdness & Mutations

Spells you cast may paralyse adjacent enemies.


Message History

The rat misses you.
You hit the rat.
You kill the rat!
h - a scroll labelled VUSITY YCY BON
Found a stone staircase leading down.
i - a scroll labelled ADAUCA UNLEITZ You see here a staff of conjuration.
You now have 10 gold pieces.
You open the door.
The frilled lizard hisses angrily.
There is an open door here.
You slash the frilled lizard!
You kill the frilled lizard!
Your Throwing skill increases to level 2!
There is an open door here.
A kobold and a rat come into view.
The kobold shouts!
Found 5 gold pieces.
The kobold misses you. The rat closely misses you.
You closely miss the rat. You hit the kobold.
You kill the kobold!
The rat completely misses you.
You hit the rat.
You kill the rat!
You have reached level 2!
Your demonic ancestry asserts itself...
A menacing aura infuses your magic.
You now have 15 gold pieces (gained 5).
Found 3 gold pieces.
The rat bites you.
You hit the rat but do no damage. The rat bites you.
You barely miss the rat. The rat barely misses you.
You barely miss the rat. The rat bites you. x2
You hit the rat.
You kill the rat!
You see here a rat corpse.
There is a staircase leading out of the dungeon here.
Are you sure you want to leave the Dungeon?
This will make you lose the game!
HP restored.
You have escaped!

#.# ##..#..#.####.....
#..######........#......##
#..........##)...........
#..#######.#...........##
#..#.....#.#.............
#..#.....................
#..#..#######..##########
##.#..#.....#.÷# ####
#.#....@#..#..# #...
#.#######..#..# #...
#..........#..# #...
####.#.....#..# #...
#.#######..#######...
#...†................
#######.#...#########
.....#.# # ...##..#.#


There were no monsters in sight!

Vanquished Creatures
  3 endoplasms (D:1)
  2 ball pythons (D:1)
  A frilled lizard (D:1)
  A kobold (D:1)
  3 rats (D:1)
10 creatures vanquished.

Notes
Turn   | Place    | Note
-------+----------+-------------------------------------------
     0 | D:1      | Sabo the Demonspawn Gladiator began the quest for the Orb.
     0 | D:1      | Reached XP level 1. HP: 16/16 MP: 1/1
   256 | D:1      | Gained mutation: Spells you cast may paralyse adjacent
                  | enemies. [demonic ancestry]
   256 | D:1      | Reached XP level 2. HP: 22/22 MP: 2/2
   307 | D:$      | Got out of the dungeon alive.

Illustrated notes

Levels and vault maps discovered:
D:1:      ebering_hopf_link, layout_basic

Skill      XL: |  1 |
---------------+----+-----
Throwing       | 2 |  2.0
Fighting       | |  2.0
Axes           | |  2.8
Dodging        | |  2.9

Action                     || total
---------------------------++-------
  Melee: War axe           ||    13
 Armour: Leather armour    ||     1
  Dodge: Dodged            ||     7
